 Dungeon Crawl Stone Soup version 0.22.1-5-g62c59d9 (webtiles) character file.

1682 delarado the Arsonist (level 8, -3/41 HPs)
             Began as a Deep Elf Fire Elementalist on Jan 7, 2019.
             Was a Priest of Vehumet.
             Killed from afar by an oklob plant (4 damage)
             ... with a splash of acid
             ... on level 7 of the Dungeon.
             The game lasted 00:25:28 (8052 turns).

delarado the Arsonist (Deep Elf Fire Elementalist)  Turns: 8052, Time: 00:25:29

Health: -3/41      AC:  6    Str:  9    XL:     8   Next: 71%
Magic:  14/14      EV: 13    Int: 27    God:    Vehumet [***...]
Gold:   262        SH:  0    Dex: 20    Spells: 0/13 levels left

rFire    + . .     SeeInvis .   m - +2 dagger (venom)
rCold    . . .     Gourm    .   (no shield)
rNeg     . . .     Faith    .   a - +0 robe
rPois    +         Spirit   .   D - +1 helmet
rElec    .         Reflect  .   G - +0 cloak
rCorr    .         Harm     .   v - +2 pair of gloves
MR       .....                  l - +1 pair of boots
Stlth    ++........             A - amulet of magic regeneration
HPRegen  0.13/turn              j - ring of poison resistance
MPRegen  0.39/turn              d - ring of Miazepin {*Contam rF+ Str+4 Int+4 Dex+5}

@: corroded
A: no striking features
a: Renounce Religion


You were on level 7 of the Dungeon.
You worshipped Vehumet.
Vehumet was most pleased with you.
You were not hungry.

You visited 1 branch of the dungeon, and saw 7 of its levels.
You also visited: Sewer.

You collected 372 gold pieces.
You spent 110 gold pieces at shops.

Inventory:

Hand Weapons
 f - a +0 club
 k - a +0 short sword
 m - a +2 dagger of venom (weapon)
Missiles
 e - 192 stones (quivered)
 i - 32 poisoned needles
Armour
 a - a +0 robe (worn)
 l - a +1 pair of boots (worn)
 v - a +2 pair of gloves (worn)
 D - a +1 helmet (worn)
 F - a +0 buckler
 G - a +0 cloak (worn)
Jewellery
 d - the ring of Miazepin (right hand) {*Contam rF+ Str+4 Int+4 Dex+5}
   (You found it on level 6 of the Dungeon)

   [ring of dexterity]

   It affects your strength (+4).
   It affects your intelligence (+4).
   It affects your dexterity (+5).
   It protects you from fire.
   It causes magical contamination when unequipped.
 j - a ring of poison resistance (left hand)
 y - an uncursed amulet of regeneration
 A - an amulet of magic regeneration (around neck)
 C - an uncursed ring of flight
Wands
 p - a wand of digging (7)
Scrolls
 b - 4 scrolls of remove curse
 o - a scroll of blinking
 q - 2 scrolls of fog
 t - a scroll of amnesia {unknown}
 B - 2 scrolls of teleportation
 E - 4 scrolls of fear
 H - a scroll of enchant weapon {unknown}
 J - a scroll of magic mapping
Potions
 g - 3 potions of berserk rage
 h - 3 potions of curing
 n - 3 potions of brilliance
 r - a potion of haste {unknown}
 s - a potion of mutation
 u - 2 potions of degeneration
 w - 2 potions of heal wounds {unknown}
 x - a potion of lignification
 z - 4 potions of flight
 I - a potion of might {unknown}
Comestibles
 c - 15 rations
 K - a chunk of flesh


   Skills:
 - Level 2.4 Dodging
 - Level 2.4 Stealth
 - Level 3.0 Spellcasting
 + Level 8.7 Conjurations
 + Level 9.2 Fire Magic


You couldn't memorise any spells.
You knew the following spells:

 Your Spells              Type           Power        Failure   Level  Hunger
a - Flame Tongue          Conj/Fire      #####        1%          1    None
b - Conjure Flame         Conj/Fire      ######..     1%          3    ###....
c - Sticky Flame          Conj/Fire      ######..     1%          4    ####...
d - Fireball              Conj/Fire      ######....   1%          5    ######.

Your spell library contained the following spells:

 Spells                   Type           Power        Failure   Level  Hunger
 Searing Ray              Conj           ######       1%          2    #......
 Throw Flame              Conj/Fire      ######       1%          2    #......
 Inner Flame              Hex/Fire       ####....     1%          3    ###....


Dungeon Overview and Level Annotations

Branches:
Dungeon (7/15)             Temple (0/1) D:6

Altars:
Cheibriados
Fedhas
Gozag
Hepliaklqana
Qazlal
Sif Muna
Trog
Uskayaw
Vehumet
Wu Jian
Zin

Shops:
D:4 !

Annotations:
D:5 3 runed doors, Crl's ghost, novice GnWz
D:7 exclusion: oklob plant


Message History

You hit the plant.
The plant is almost destroyed.
You destroy the plant!
The oklob plant spits acid at you. The splash of acid hits you!
The acid corrodes you!
You are splashed with acid!
The acid burns!
Casting: Sticky Flame (safe; 1% risk of failure)
Confirm with . or Enter, or press ? or * to list all spells.
Aiming: Fireball (safe; 1% risk of failure)
Press: ? - help, Shift-Dir - straight line Out of range.
Okay, then.
The oklob plant spits acid at you. The splash of acid hits you!
* * * LOW HITPOINT WARNING * * *
You are splashed with acid!
The acid burns!
* * * LOW HITPOINT WARNING * * *
The oklob plant spits acid at you. The splash of acid hits you!
You die...

P.≈≈≈≈≈≈≈≈≈≈≈.PP♣##
P.≈≈≈≈...≈≈≈≈.P#.P#
♣.≈≈≈≈._.≈≈≈≈.PP.P#
P♣.≈≈≈≈...≈≈≈≈.##PP#
#P.≈≈≈≈≈.≈≈≈≈≈.PPPP#
PP..≈≈≈≈.≈≈≈≈..P.PP#
PP..≈≈≈.≈≈≈...♣♣#P#
♣P..≈≈.≈≈..#PP♣
#P..@.....P.#.PP


#%.PPP.PPPPPPPP#.PPP# P♣....P♣P♣P.PP.P.♣PPP# PP%PPPPPPP##P.PPP#PP# PPP.#P♣P.P♣P
♣.#.## .# ################## ## You could see an oklob plant.

Vanquished Creatures
  A water moccasin (D:6)
  An ice beast (D:5)
  A sky beast (D:5)
  Purgy (Sewer)
  2 ogres
  A centaur (D:6)
  4 bullfrogs
  2 howler monkeys
  2 bullfrog zombies
  A centaur zombie (D:5)
  An orc priest (D:4)
  A hound (D:4)
  A gnoll shaman (D:4)
  3 orc wizards (D:4)
  Crazy Yiuf (D:6)
  Jessica (D:2)
  5 worker ants
  2 hound skeletons (D:4)
  3 gnolls (D:4)
  12 adders
  An ooze (D:3)
  An adder skeleton (D:6)
  7 worms
  3 dart slugs
  7 leopard geckos
  11 orcs
  10 bats
  5 giant cockroaches
  3 hobgoblins
  3 jackals (D:2)
  4 quokkas
  4 ball pythons
  10 frilled lizards
  9 goblins
  A jackal zombie (D:7)
  5 kobolds
  A leopard gecko skeleton (D:4)
  7 rats
  A fungus (D:6)
  A plant (D:7)
140 creatures vanquished.

Notes
Turn   | Place    | Note
-------+----------+-------------------------------------------
     0 | D:1      | delarado the Deep Elf Fire Elementalist began the quest for
                  | the Orb.
     0 | D:1      | Reached XP level 1. HP: 10/10 MP: 6/6
   719 | D:1      | Reached XP level 2. HP: 9/15 MP: 2/8
  1465 | D:2      | Reached skill level 4 in Fire Magic
  1505 | D:2      | Found a radiant altar of Vehumet.
  1509 | D:2      | Became a worshipper of Vehumet
  1536 | D:2      | Noticed Jessica
  1543 | D:2      | Reached XP level 3. HP: 19/19 MP: 6/9
  1547 | D:2      | Killed Jessica
  1658 | D:2      | Reached XP level 4. HP: 19/24 MP: 1/10
  2005 | D:2      | Learned a level 3 spell: Conjure Flame
  2232 | D:2      | Noticed an ogre
  2244 | D:2      | Killed an ogre
  2244 | D:2      | Reached skill level 5 in Fire Magic
  2244 | D:2      | Reached XP level 5. HP: 28/28 MP: 1/11
  2613 | D:3      | Reached * piety under Vehumet
  2613 | D:3      | Offered knowledge of Freeze by Vehumet.
  2973 | D:3      | Found a glowing silver altar of Zin.
  3671 | D:3      | Learned a level 4 spell: Sticky Flame
  3922 | D:4      | Found Vicawyef's Distillery.
  3932 | D:4      | Bought a potion of degeneration for 11 gold pieces
  3932 | D:4      | Bought a potion of curing for 33 gold pieces
  3932 | D:4      | Bought a potion of lignification for 33 gold pieces
  3932 | D:4      | Bought a potion of flight for 33 gold pieces
  3939 | D:4      | Reached XP level 6. HP: 32/32 MP: 8/12
  4199 | D:4      | Found a deep blue altar of Sif Muna.
  4274 | D:4      | Reached skill level 5 in Conjurations
  4274 | D:4      | Reached skill level 6 in Fire Magic
  4910 | D:4      | Reached XP level 7. HP: 31/36 MP: 9/13
  4933 | D:4      | Offered knowledge of Throw Frost by Vehumet.
  5080 | D:4      | Reached ** piety under Vehumet
  5533 | D:5      | Entered Level 5 of the Dungeon
  5542 | D:5      | Reached skill level 7 in Fire Magic
  5761 | D:5      | Found a runed gate.
  5971 | D:5      | Found an opulent altar of Gozag.
  6173 | D:5      | Found an ornate altar of the Wu Jian Council.
  6308 | D:5      | Found a stormy altar of Qazlal.
  6378 | D:5      | Found a runed gate.
  6378 | D:5      | Found a runed gate.
  6378 | D:5      | Noticed Crl's ghost (novice GnWz)
  6499 | D:6      | Reached XP level 8. HP: 41/41 MP: 12/14
  6514 | D:6      | Reached skill level 8 in Fire Magic
  6515 | D:6      | Found a glowing drain.
  6519 | D:6      | Got a steaming copper ring
  6540 | D:6      | Identified the ring of Miazepin {*Contam rF+ Str+4 Int+4
                  | Dex+5} (You found it on level 6 of the Dungeon)
  6542 | Sewer    | Entered a sewer
  6584 | Sewer    | Offered knowledge of Searing Ray by Vehumet.
  6692 | Sewer    | Noticed Purgy
  6812 | Sewer    | Killed Purgy
  7086 | D:6      | Learned a level 5 spell: Fireball
  7155 | D:6      | Found a snail-covered altar of Cheibriados.
  7437 | D:6      | Found a hide-covered altar of Uskayaw.
  7464 | D:6      | Found a staircase to the Ecumenical Temple.
  7508 | D:6      | Reached skill level 9 in Fire Magic
  7657 | D:6      | Found a bloodstained altar of Trog.
  7803 | D:6      | Found a runed door.
  7807 | D:6      | Noticed Crazy Yiuf
  7809 | D:6      | Killed Crazy Yiuf
  7911 | D:7      | Found a hazy altar of Hepliaklqana.
  7940 | D:7      | Reached *** piety under Vehumet
  8006 | D:7      | Found a blossoming altar of Fedhas.
  8026 | D:7      | Noticed an oklob plant
  8051 | D:7      | HP: 1/41 [acid (10)]
  8052 | D:7      | Killed from afar by an oklob plant

Skill      XL: |  1  2  3  4  5  6  7  8 |
---------------+-------------------------+-----
Conjurations   | 2 3 4 5 7 8 |  8.7
Fire Magic     | 4 5 6 7 9 |  9.2
Dodging        | |  2.4
Stealth        | |  2.4
Spellcasting   | |  3.0

Action                   |  1- 3 |  4- 6 |  7- 9 || total
-------------------------+-------+-------+-------++-------
Melee: Dagger            |     5 |     4 |    40 ||    49
Throw: Stone             |    38 |    98 |    37 ||   173
 Cast: Flame Tongue      |    39 |   122 |   108 ||   269
       Conjure Flame     |       |     3 |     1 ||     4
       Sticky Flame      |       |     2 |    13 ||    15
       Fireball          |       |       |     1 ||     1
  Use: Scroll            |       |     5 |     8 ||    13
       Potion            |       |       |     1 ||     1
 Stab: Sleeping          |     1 |       |       ||     1
  Eat: Chunk             |     2 |    10 |    13 ||    25
Armor: Robe              |     7 |     6 |    11 ||    24
Dodge: Dodged            |    18 |    29 |    20 ||    67
